 Dungeon Crawl Stone Soup version 0.30-a0-170-g85af917532 (webtiles) character file.

Game seed: 12267072139415736304

37 Sobieck the Sneak (level 3, 0/19 HPs)
             Began as a Vine Stalker Brigand on Sept 30, 2022.
             Succumbed to an adder's poison
             ... on level 2 of the Dungeon.
             The game lasted 00:01:54 (1596 turns).

Sobieck the Sneak (Vine Stalker Brigand)            Turns: 1596, Time: 00:01:55

Health: 0/19       AC:  2    Str: 13    XL:     3   Next: 41%
Magic:  3/4        EV: 12    Int: 11    God:
Gold:   13         SH:  0    Dex: 17    Spells: 2/2 levels left

rFire   + . .      SeeInvis .    a - +2 dagger {short}
rCold   + . .      Faith    .    (no shield)
rNeg    . . .      Spirit   +    b - +0 robe
rPois   +          Reflect  .    (no helmet)
rElec   +          Harm     .    c - +0 cloak
rCorr   +          Rampage  .    (no gloves)
Will    .....      Clarity  +    (no boots)
Stlth   +++.......               (no amulet)
HPRegen 0.06/turn                (no ring)
MPRegen 0.09/turn                (no ring)

@: mighty, lethally poisoned (0 -> -1), resistant
A: fangs 2, magic shield, antimagic bite, no potion heal 2, clarity, deformed
body, robust 1
a: no special abilities


You were on level 2 of the Dungeon.
You visited 1 branch of the dungeon, and saw 2 of its levels.

You collected 13 gold pieces.


Innate Abilities, Weirdness & Mutations

You have extremely sharp teeth.
When hurt, damage is shared between your health and your magic reserves.
Your bite disrupts and absorbs the magic of your enemies.
Potions cannot restore your health.
You possess an exceptional clarity of mind.
Armour fits poorly on your strangely shaped body.
You are robust. (+10% HP)


   Skills:
 - Level 2.0 Fighting
 * Level 2.6 Short Blades
 - Level 1.7 Throwing
 + Level 1.3 Dodging
 + Level 5.2 Stealth


You had 2 spell levels left.
You didn't know any spells.
Your spell library was empty.

Inventory:

Hand Weapons
 a - a +2 dagger (weapon) {short}
Missiles
 d - 23 poisoned darts (quivered) {throwing}
 e - 3 curare-tipped darts {=fthrowing}
 o - 4 javelins {throwing}
 q - 2 stones {throwing}
Armour
 b - a +0 robe (worn)
 c - a +0 cloak (worn)
 p - a +0 leather armour
   (You found it on level 1 of the Dungeon)
 s - a +0 ring mail
   (You found it on level 2 of the Dungeon)
 t - a +0 robe
   (You found it on level 2 of the Dungeon)
Scrolls
 j - a scroll of vulnerability {unknown}
 k - 2 scrolls of identify {unknown}
 l - a scroll of enchant weapon {unknown}
 m - a scroll of silence {unknown}
Potions
 h - a potion of brilliance {unknown}
 i - a potion of curing {unknown}
 n - a potion of heal wounds {unknown}

Dungeon Overview and Level Annotations

Branches:
Dungeon (2/15) Zot: 10412

Altars:

..... ####.B .#
...#.#####.... #.#...
.......##..#######..#...
#......†.#.....#......#
#).....................
#...........?..........
.#......................
.....................$..
.#..<...........@g......
................S†......
..###..##............)..
........##.......)......
.####.#..........#......
................####.###
................... ...
#.................. #.#
#........#†.......##..


You could see an adder and a hobgoblin.


Message History

A giant cockroach comes into view.
The rat barely misses you.
You hit the rat.
You kill the rat!
Unknown command.
You start resting.
Unknown command.
You start resting.
Unknown command.
Unknown command.
t - a +0 robe A ball python comes into view.
Danger!
A ball python comes into view.
The ball python hisses angrily. x2
A hobgoblin comes into view.
The ball python bites you. The ball python grabs you.
The ball python constricts you. The ball python misses you.
The ball python closely misses you. The ball python constricts you.
The hobgoblin shouts!
You hit the ball python but do no damage.
Your bite misses the ball python. The ball python bites you.
The ball python closely misses you. The ball python constricts you.
You hit the ball python. Your bite misses the ball python.
The ball python closely misses you. The ball python bites you.
The ball python constricts you.
You hit the ball python.
You kill the ball python!
The ball python bites you but does no damage.
The ball python closely misses you.
You hit the ball python but do no damage.
Your bite misses the ball python. The ball python closely misses you.
The ball python grabs you. The ball python constricts you.
An adder comes into view.
You closely miss the ball python.
The adder hisses angrily.
The ball python bites you. The ball python constricts you.
You are too injured to fight recklessly!
You are too injured to fight recklessly!
You are too injured to fight recklessly!
Unknown command.
You closely miss the ball python. The hobgoblin closely misses you.
The ball python bites you but does no damage.
The ball python constricts you.
You hit the ball python. You bite the ball python.
You kill the ball python!
The hobgoblin completely misses you.
Unknown command.
You hit the hobgoblin. Your bite misses the hobgoblin.
The hobgoblin closely misses you.
Unknown command.
You hit the hobgoblin but do no damage. The hobgoblin closely misses you.
Unknown command.
You hit the hobgoblin. The adder misses you.
Unknown command.
You barely miss the adder. Your bite misses the adder. The adder bites you.
* * * LOW HITPOINT WARNING * * *
The hobgoblin barely misses you. The adder barely misses you.
You hit the adder but do no damage. You bite the adder. You drain its power.
You feel invigorated. The hobgoblin closely misses you.
The adder closely misses you.
Unknown command.
You hit the adder but do no damage.
The hobgoblin hits you but does no damage.
The adder bites you.
* * * LOW HITPOINT WARNING * * *
You barely miss the adder. You bite the adder. You drain its power.
The adder misses you. The hobgoblin closely misses you.
Unknown command.
You hit the adder. Your bite misses the adder.
The adder bites you but does no damage. The hobgoblin hits you.
* * * LOW HITPOINT WARNING * * *
Unknown command.
You hit the adder but do no damage. Your bite misses the adder.
The adder bites you.
You are poisoned.
The adder poisons you! The hobgoblin barely misses you.
You miss the adder. Your bite misses the adder.
* * * LOW HITPOINT WARNING * * *
You feel sick. The adder barely misses you. The hobgoblin barely misses you.
The adder misses you.
Unknown command.
You hit the adder.
* * * LOW HITPOINT WARNING * * *
You feel sick. The adder closely misses you. The hobgoblin hits you.
* * * LOW HITPOINT WARNING * * *
Unknown command.
It was a potion of might.
You feel very mighty all of a sudden.
* * * LOW HITPOINT WARNING * * *
You feel sick. The adder barely misses you. The hobgoblin misses you.
It was a potion of mutation.
You feel extremely strange.
Your thoughts seem clearer.
Your body twists and deforms.
You feel robust.
* * * LOW HITPOINT WARNING * * *
You feel sick. The adder barely misses you. The hobgoblin misses you.
It was a potion of resistance.
You feel protected.
You die...

Skill      XL: |  1  2 |
---------------+-------+-----
Short Blades   | 2 |  2.6
Dodging        | 1 |  1.3
Stealth        | 5 |  5.2
Fighting       | 2 |  2.0
Throwing       | |  1.7

Action                   || total
-------------------------++-------
Melee: Dagger            ||    77
       Bite              ||    13
  Use: Potion            ||     3
 Stab: Sleeping          ||     5
Armor: Robe              ||    16
Dodge: Dodged            ||    55

Levels and vault maps discovered:
D:1:      roderic_dead_forest, layout_loops_corners,
          ebering_ecumenical_altar_box
D:2:      layout_rooms, nrook_uturn, amcnicky_mini_pool_small

Notes
Turn   | Place    | Note
-------+----------+-------------------------------------------
     0 | D:1      | Sobieck the Vine Stalker Brigand began the quest for the
                  | Orb.
     0 | D:1      | Reached XP level 1. HP: 11/11 MP: 2/2
   123 | D:1      | HP: 1/11 [jackal (2)]
   131 | D:1      | Reached skill level 2 in Short Blades
   136 | D:1      | Reached skill level 1 in Dodging
   136 | D:1      | Reached XP level 2. HP: 2/15 MP: 3/3
   417 | D:1      | Reached skill level 5 in Stealth
   526 | D:1      | Found a faded altar of an unknown god.
   629 | D:1      | Reached skill level 2 in Fighting
  1439 | D:2      | Reached XP level 3. HP: 18/18 MP: 4/4
  1592 | D:2      | HP: 4/18 [poisoned by an adder]
  1594 | D:2      | HP: 1/18 [poisoned by an adder]
  1595 | D:2      | Gained mutation: You possess an exceptional clarity of
                  | mind. [potion of mutation]
  1595 | D:2      | Gained mutation: Armour fits poorly on your strangely
                  | shaped body. [potion of mutation]
  1595 | D:2      | Gained mutation: You are robust. (+10% HP) [potion of
                  | mutation]
  1596 | D:2      | Succumbed to an adder's poison

Vanquished Creatures
  An adder (D:2)
  A dart slug (D:2)
  An endoplasm (D:2)
  A giant cockroach (D:1)
  2 goblins (D:1)
  2 hobgoblins (D:1)
  2 jackals (D:1)
  2 quokkas (D:1)
  4 ball pythons
  5 bats
  A kobold (D:2)
  3 rats
25 creatures vanquished.

Table legend:
 A = Non-vault XP
 B = Vault XP
 C = Vault XP percentage of total XP
 D = Non-vault monster count
 E = Vault monster count
 F = Vault count percentage of total count
                 A         B        C        D         E       F
            +---------+---------+-------+---------+---------+-------
      Total |      54 |       0 |   0.0 |      25 |       0 |   0.0
            +---------+---------+-------+---------+---------+-------
        D:1 |      24 |       0 |   0.0 |      15 |       0 |   0.0
        D:2 |      30 |       0 |   0.0 |      10 |       0 |   0.0
            +---------+---------+-------+---------+---------+-------

Illustrated notes

Table legend:
 A = Kills in this place as a percentage of kills in entire the game.
 B = Kills by you in this place as a percentage of kills by you in the entire game.
 C = Kills by friends in this place as a percentage of kills by friends in the entire game.
 D = Other kills in this place as a percentage of other kills in the entire game.
 E = Experience gained in this place as a percentage of experience gained in the entire game.
 F = Experience gained in this place divided by the number of levels of this place that you have seen.
                   A       B       C       D       E      F
               +-------+-------+-------+-------+-------+----------------------
         Total | 100.0 | 100.0 |   N/A |   N/A | 100.0 |  27.0
       Dungeon | 100.0 | 100.0 |   N/A |   N/A | 100.0 |  27.0
               +-------+-------+-------+-------+-------+----------------------

Table legend: (Time is in decaauts)
 A = Elapsed time spent in this place.
 B = Non-inter-level travel time spent in this place.
 C = Inter-level travel time spent in this place.
 D = Time resting spent in this place.
 E = Time spent auto-exploring this place.
 F = Levels seen in this place.
 G = Mean time per level.
                   A        B        C        D        E       F      G
               +--------+--------+--------+--------+--------+-----+--------+
         Total |   1587 |   1558 |     29 |    484 |    891 |   2 |  793.5 |
       Dungeon |   1587 |   1558 |     29 |    484 |    891 |   2 |  793.5 |
               +--------+--------+--------+--------+--------+-----+--------+

Top non-repeatable levels by time:
     D:1: 1285 daAuts
     D:2: 301 daAuts
